 Dungeon Crawl Stone Soup version 0.28-a0-620-g539b0f7ac7 (webtiles) character file.

Game seed: 8787201750403358353

312 willcat the Sneak (level 6, -3/47 HPs)
             Began as a Human Delver on Oct 6, 2021.
             Slain by a killer bee (5 damage)
             ... on level 7 of the Dungeon.
             The game lasted 00:03:02 (1453 turns).

willcat the Sneak (Human Delver)                    Turns: 1453, Time: 00:03:03

Health: -3/47      AC:  3    Str: 11 (12) XL:     6   Next: 71%
Magic:  7/7        EV: 12    Int: 11 (13) God:
Gold:   21         SH:  0    Dex: 14      Spells: 6/7 levels left

rFire   . . .      SeeInvis .   a - +0 short sword
rCold   . . .      Faith    .   (no shield)
rNeg    . . .      Spirit   .   l - +0 leather armour
rPois   .          Reflect  .   (no helmet)
rElec   .          Harm     .   (no cloak)
rCorr   .          Rampage  .   (no gloves)
Will    .....                   (no boots)
Stlth   +++.......              (no amulet)
HPRegen 0.15/turn               (no ring)
MPRegen 0.10/turn               (no ring)

@: lethally poisoned (-3 -> -17)
A: no striking features
a: no special abilities


You were on level 7 of the Dungeon.
You visited 1 branch of the dungeon, and saw 3 of its levels.

You collected 21 gold pieces.

Inventory:

Hand Weapons
 a - a +0 short sword (weapon)
 b - a +0 shortbow
Missiles
 m - 12 arrows
Armour
 l - a +0 leather armour (worn)
Wands
 g - a wand of digging (3)
Scrolls
 c - a scroll of fog
 d - a scroll of magic mapping
 f - a scroll of identify
 i - a scroll of silence


   Skills:
 - Level 3.0 Fighting
 - Level 3.8 Short Blades
 + Level 1.1 Bows
 - Level 3.8 Dodging
 - Level 6.2 Stealth
 + Level 1.0 Spellcasting
 + Level 1.0 Summonings


You had 6 spell levels left.
You knew the following spells:

 Your Spells              Type           Power      Damage    Failure   Level
a - Summon Small Mammal   Summ           8%         N/A       28%         1

Your spell library contained the following spells:

 Spells                   Type           Power      Damage    Failure   Level
 Animate Skeleton         Necr           0%         N/A       38%         1
 Apportation              Tloc           0%         N/A       38%         1


Dungeon Overview and Level Annotations

Branches:
Dungeon (7/15)
 Temple: D:4-7

Altars:
Elyvilon

Annotations:
D:5 Edmund
D:6 Grinder


Message History

You miss the killer bee. The killer bee stings you.
You are poisoned.
The killer bee poisons you! The killer bee closely misses you.
You hit the killer bee but do no damage.
You feel sick.
The killer bee stings you but does no damage.
The killer bee barely misses you.
You hit the killer bee but do no damage.
You feel sick. The killer bee stings you!
The killer bee stings you but does no damage.
You closely miss the killer bee.
You feel sick. The killer bee closely misses you.
You hit the killer bee.
The killer bee is lightly wounded.
You feel sick. The killer bee barely misses you. The killer bee misses you.
You barely miss the killer bee.
The killer bee is lightly wounded.
The killer bee barely misses you. The killer bee stings you.
You are more poisoned.
The killer bee poisons you!
You hit the killer bee but do no damage.
The killer bee is lightly wounded.
You feel very sick. The killer bee stings you.
You are lethally poisoned!
The killer bee poisons you! The killer bee stings you.
* * * LOW HITPOINT WARNING * * *
You barely miss the killer bee.
The killer bee is lightly wounded.
* * * LOW HITPOINT WARNING * * *
You feel very sick. The killer bee closely misses you.
The killer bee stings you.
* * * LOW HITPOINT WARNING * * *
You aren't carrying any potions.
You barely miss the killer bee.
The killer bee is lightly wounded.
* * * LOW HITPOINT WARNING * * *
You feel very sick. The killer bee stings you.
You die...

........≈≈#...# ..........
........≈8#...# ..#....#.
(.......≈≈#...# #...#..
#####....≈#...###. #......
#.....#.>..... #......
#.........# #...<.. #......# #+
#.....# #.....######## ###.
#...... #........y@..#
....##.....# #......#####+####
#........
######.##.......###.#....## ##
####.#.................## #.
..#.#...................
.###.###.#.#................###
.......#.#.......#..........#
..............####..........#
..............# #..........#


You could see a killer bee.

Vanquished Creatures
  A water moccasin (D:6)
  A necrophage (D:7)
  A centaur (D:6)
  A jelly (D:6)
  2 adders
  5 orcs (D:6)
11 creatures vanquished.

Vanquished Creatures (others)
  A fungus (D:7)
1 creature vanquished.

Grand Total: 12 creatures vanquished

Notes
Turn   | Place    | Note
-------+----------+-------------------------------------------
     0 | D:5      | willcat the Human Delver began the quest for the Orb.
     0 | D:5      | Reached XP level 1. HP: 18/18 MP: 1/1
     4 | D:5      | Noticed Edmund
    30 | D:5      | Found a white marble altar of Elyvilon.
    37 | D:5      | Reached XP level 2. HP: 24/24 MP: 2/2
   217 | D:6      | Noticed a water moccasin
   221 | D:6      | Killed a water moccasin
   222 | D:6      | Reached XP level 3. HP: 21/29 MP: 3/3
   222 | D:6      | Reached XP level 4. HP: 26/35 MP: 4/4
   222 | D:6      | Reached XP level 5. HP: 30/41 MP: 5/5
   323 | D:6      | Noticed a necrophage
   436 | D:6      | Noticed an orc warrior
   817 | D:6      | Noticed a centaur
   829 | D:6      | Killed a centaur
   830 | D:6      | Reached skill level 6 in Stealth
   830 | D:6      | Reached XP level 6. HP: 39/47 MP: 6/6
   880 | D:6      | Noticed Grinder
   884 | D:6      | Noticed a sky beast
  1069 | D:7      | Noticed a steam dragon
  1104 | D:7      | Learned a level 1 spell: Summon Small Mammal
  1151 | D:7      | Killed a necrophage
  1152 | D:7      | Reached skill level 1 in Bows
  1152 | D:7      | Reached skill level 1 in Spellcasting
  1152 | D:7      | Reached skill level 1 in Summonings
  1193 | D:7      | Noticed a sky beast
  1453 | D:7      | HP: 2/47 [poisoned by a killer bee]
  1453 | D:7      | Slain by a killer bee

Illustrated notes

Levels and vault maps discovered:
D:5:      layout_rooms, mainiacjoe_overflow_small_starburst,
          nicolae_sif_muna_little_library, dk_noncrumbling_4, uniq_edmund
D:6:      layout_loops_corners, grunt_gozag_statues, makhleb_heckhound_becter,
          uniq_menkaure, uniq_sigmund, uniq_grinder
D:7:      layout_basic, tso_altar, minmay_temple_entry_mini_moons,
          moated_statue, minmay_hedge_maze,
          hangedman_abyss_or_decor_lesser_grid, uniq_crazy_yiuf_cottage

Skill      XL: |  1  2  3  4  5  6 |
---------------+-------------------+-----
Short Blades   | 3 |  3.8
Dodging        | 3 |  3.8
Stealth        | 6 |  6.2
Bows           | 1 |  1.1
Spellcasting   | 1 |  1.0
Summonings     | 1 |  1.0
Fighting       | |  3.0

Action                   |  1- 3 |  4- 6 || total
-------------------------+-------+-------++-------
Melee: Short sword       |     4 |    59 ||    63
 Fire: Shortbow          |       |    11 ||    11
  Use: Potion            |     1 |     3 ||     4
       Scroll            |       |     3 ||     3
 Stab: Sleeping          |     1 |     3 ||     4
Armor: Leather armour    |     5 |    10 ||    15
Dodge: Dodged            |     7 |    39 ||    46

Table legend: (Time is in decaauts)
 A = Elapsed time spent in this place.
 B = Non-inter-level travel time spent in this place.
 C = Inter-level travel time spent in this place.
 D = Time resting spent in this place.
 E = Time spent auto-exploring this place.
 F = Levels seen in this place.
 G = Mean time per level.
                   A        B        C        D        E       F      G
               +--------+--------+--------+--------+--------+-----+--------+
         Total |   1429 |   1429 |      0 |    465 |    555 |   3 |  476.3 |
       Dungeon |   1429 |   1429 |      0 |    465 |    555 |   3 |  476.3 |
               +--------+--------+--------+--------+--------+-----+--------+

Top non-repeatable levels by time:
     D:6: 865 daAuts
     D:7: 490 daAuts
     D:5: 73 daAuts
